[Event "ICC tourney 2020 (75 10)"]
[Site "Internet Chess Club"]
[Date "2020.09.26"]
[Round "3"]
[White "AJRChess2011"]
[Black "NeuralNetworkQS"]
[Result "1-0"]
[ICCResult "Black checkmated"]
[WhiteElo "1289"]
[BlackElo "925"]
[Opening "Ruy Lopez: exchange, Keres variation"]
[ECO "C68"]
[NIC "RL.08"]
[Time "20:01:53"]
[TimeControl "4500+10"]

1. e4 e5 2. Nf3 Nc6 3. Bb5 a6 4. Bxc6 dxc6 5. Nc3 Bd6 6. d4 exd4 7. Qxd4 Be7
8. Qxg7 Bf6 9. Qg3 Bxc3+ 10. bxc3 Be6 11. e5 Qd7 12. O-O O-O-O 13. Bg5 Ne7
14. Rad1 Qxd1 15. Bxe7 Rd7 16. Nd4 Qh5 17. Bf6 Re8 18. Qe3 Qg6 19. Nxe6 fxe6
20. Qa7 Rdd8 21. Bxd8 Kxd8 22. Qxb7 Rg8 23. Rd1+ Ke8 24. Qxc6+ Ke7 25. Rd7+
Ke8 26. Rxc7+ Kf8 27. Qd6+ Ke8 28. Qe7# {Black checkmated} 1-0

[Event "ICC tourney 2020 (75 10)"]
[Site "Internet Chess Club"]
[Date "2020.09.26"]
[Round "3"]
[White "Rhinoguy"]
[Black "EricCheng-131"]
[Result "1-0"]
[ICCResult "Black resigns"]
[WhiteElo "1187"]
[BlackElo "892"]
[Opening "Scotch: Schmidt variation"]
[ECO "C45"]
[NIC "SO.04"]
[Time "20:01:59"]
[TimeControl "4500+10"]

1. e4 e5 2. Nf3 Nc6 3. d4 exd4 4. Nxd4 Nf6 5. Nc3 Bc5 6. Be3 Nxd4 7. Bxd4
Bb6 8. Bxb6 axb6 9. Bc4 Qe7 10. O-O O-O 11. Re1 d6 12. Qf3 Bg4 13. Qf4 Rae8
14. f3 Bd7 15. Rad1 Nh5 16. Qe3 Qe5 17. Rd5 Qf4 18. Rxh5 Qf6 19. Nd5 Qg6 20.
Rg5 Qh6 21. Nxc7 Re7 22. Nd5 Ree8 23. Rg3 Qh4 24. Nxb6 Bc6 25. Qd4 Qh6 26.
Rh3 Qg6 27. Nd5 Bd7 28. Nf4 Qg5 29. Rg3 Qh6 30. Nh5 {Black resigns} 1-0

[Event "ICC tourney 2020 (75 10)"]
[Site "Internet Chess Club"]
[Date "2020.09.26"]
[Round "3"]
[White "alexbelaya"]
[Black "Maximusiv"]
[Result "0-1"]
[ICCResult "White checkmated"]
[WhiteElo "1068"]
[BlackElo "1061"]
[Opening "Scandinavian defense"]
[ECO "B01"]
[NIC "SD.03"]
[Time "20:01:51"]
[TimeControl "4500+10"]

1. e4 d5 2. exd5 Nf6 3. Nc3 Nxd5 4. Nxd5 Qxd5 5. d4 Nc6 6. Nf3 Bg4 7. Be3
O-O-O 8. Be2 e5 9. c3 exd4 10. cxd4 Bb4+ 11. Kf1 f5 12. Ne5 Bxe2+ 13. Qxe2
Nxe5 14. dxe5 Qxe5 15. Bxa7 Qxe2+ 16. Kxe2 b6 17. a3 Bc5 18. b4 Bd4 19. Rac1
Rd7 20. Rhd1 Kb7 21. Bxb6 cxb6 22. Rc4 Rhd8 23. b5 Bc5 24. Rxd7+ Rxd7 25. a4
Rd4 26. Rxd4 Bxd4 27. f3 Kc7 28. Kd3 Bf2 29. Kc4 Kd6 30. Kb4 Kd5 31. Kc3 Kc5
32. Kb3 Kd4 33. Kb4 Kd3 34. Kb3 Be1 35. Kb2 Kc4 36. Ka3 Kc3 37. a5 bxa5 38.
b6 Kc4 39. b7 Bb4+ 40. Ka4 Bd6 41. Kxa5 Bxh2 42. Kb6 Bb8 43. Kc6 g5 44. Kd7
Kc5 45. Ke6 f4 46. Kf5 h6 47. Kg6 Kb6 48. Kxh6 Kxb7 49. Kxg5 Kc6 50. Kf5 Kd5
51. Kg4 Kd4 52. Kf5 Ke3 53. Kg4 Kf2 54. Kh3 Kg1 55. g4 fxg3 56. f4 g2 57. f5
Kf1 58. f6 g1=Q 59. f7 Qg7 60. f8=Q+ Qxf8 61. Kg4 Qf4+ 62. Kh5 Qg3 63. Kh6
Kf2 64. Kh5 Kf3 65. Kh6 Kf4 66. Kh7 Kf5 67. Kh8 Kf6 68. Kh7 Qg7#
{White checkmated}
0-1

[Event "ICC tourney 2020 (75 10)"]
[Site "Internet Chess Club"]
[Date "2020.09.26"]
[Round "3"]
[White "cappyal"]
[Black "EvSun"]
[Result "0-1"]
[ICCResult "White resigns"]
[WhiteElo "454"]
[BlackElo "949"]
[Opening "Sicilian defense"]
[ECO "B30"]
[NIC "SI.31"]
[Time "20:02:24"]
[TimeControl "4500+10"]

1. e4 c5 2. Nf3 Nc6 3. Bc4 e6 4. Nc3 Nge7 5. d3 d5 6. exd5 exd5 7. Bb5 g6 8.
Bf4 Bg7 9. Qe2 O-O 10. Bxc6 bxc6 11. Be5 Re8 12. Qd2 Nf5 13. g4 Nd4 14. Nxd4
cxd4 15. Ne2 Bxe5 16. O-O-O Bxg4 17. Rde1 Bf6 18. Rhg1 Bg5 19. f4 Rxe2 20.
Rxe2 Bxe2 21. Qxe2 Bxf4+ 22. Kb1 Rb8 23. Qf3 Bxh2 24. Rf1 Rb7 25. Qf2 Be5
26. Re1 Qd6 27. b3 Bg3 28. Re8+ Kg7 29. Qxd4+ f6 30. Ra8 Be5 31. Qg1 Qa3 32.
d4 Bb8 33. Qe3 Qe7 34. Qxe7+ Rxe7 35. Rxb8 h5 36. Rc8 h4 37. Rxc6 h3 38. Rd6
{White resigns}
0-1

[Event "ICC tourney 2020 (75 10)"]
[Site "Internet Chess Club"]
[Date "2020.09.26"]
[Round "3"]
[White "Nedas15"]
[Black "JCJ2018"]
[Result "0-1"]
[ICCResult "White checkmated"]
[WhiteElo "300"]
[BlackElo "1004"]
[Opening "Giuoco Piano: four knights variation"]
[ECO "C50"]
[NIC "IG.02"]
[Time "20:01:51"]
[TimeControl "4500+10"]

1. e4 e5 2. Nf3 Nc6 3. Bc4 Bc5 4. Nc3 Nf6 5. O-O d6 6. d3 Bg4 7. Be3 Nd4 8.
h3 Nxf3+ 9. gxf3 Bxh3 10. Re1 O-O 11. Bg5 h6 12. Bc1 Nh5 13. f4 Nxf4 14. Qf3
Qg5+ 15. Qg3 Qxg3+ 16. Kh1 Qg2# {White checkmated} 0-1

[Event "ICC tourney 2020 (75 10)"]
[Site "Internet Chess Club"]
[Date "2020.09.26"]
[Round "3"]
[White "falcon2020"]
[Black "lucachesschess"]
[Result "0-1"]
[ICCResult "White resigns"]
[WhiteElo "1189"]
[BlackElo "1266"]
[Opening "Queen's pawn: London system"]
[ECO "A45"]
[NIC "QP.07"]
[Time "20:01:51"]
[TimeControl "4500+10"]

1. d4 Nf6 2. Bf4 b6 3. e3 Bb7 4. Nf3 e6 5. c3 Be7 6. Bd3 c5 7. Nbd2 Nc6 8.
O-O Nh5 9. Bg3 Nxg3 10. fxg3 O-O 11. Bb1 cxd4 12. exd4 Rc8 13. Qc2 f5 14. g4
g6 15. gxf5 exf5 16. a3 d5 17. b4 Bf6 18. Re1 Nxd4 19. Qd3 Nxf3+ 20. Qxf3
Qd7 21. Qg3 Bxc3 22. Ra2 Rfe8 23. Kh1 Rxe1+ 24. Qxe1 d4 25. Qd1 Re8 26. Kg1
Qe6 27. Qa4 Qe3+ 28. Kh1 Qe1+ {White resigns} 0-1

[Event "ICC tourney 2020 (75 10)"]
[Site "Internet Chess Club"]
[Date "2020.09.26"]
[Round "3"]
[White "boxingguy2469x"]
[Black "GGchess12"]
[Result "1-0"]
[ICCResult "Black checkmated"]
[WhiteElo "1221"]
[BlackElo "420"]
[Opening "French: Paulsen variation"]
[ECO "C10"]
[NIC "FR.04"]
[Time "20:01:52"]
[TimeControl "4500+10"]

1. e4 e6 2. d4 d5 3. Nc3 Nc6 4. Nf3 Bb4 5. Bg5 f6 6. exd5 Bxc3+ 7. bxc3 Nxd4
8. Qxd4 fxg5 9. Qxg7 Qf6 10. Qxf6 Nxf6 11. dxe6 Bxe6 12. Nxg5 Bf5 13. Bd3
Bxd3 14. cxd3 O-O-O 15. Nf7 Rhe8+ 16. Kd2 Rd7 17. Ng5 Red8 18. d4 c5 19. Nf3
cxd4 20. cxd4 Re8 21. Rac1+ Kb8 22. Rhe1 Rxe1 23. Rxe1 Ng4 24. Re2 Rd6 25.
Kd3 Kc8 26. h3 Nf6 27. Rc2+ Kd7 28. Ne5+ Ke6 29. Re2 Kd5 30. Nc4 Ra6 31.
Re5+ Kc6 32. Re6+ Kb5 33. Nd6+ Kb4 34. Rxf6 Rxa2 35. Nxb7 Ra3+ 36. Ke4 Ra1
37. d5 Re1+ 38. Kf3 Re7 39. Rf4+ Kb5 40. Nd6+ Kc5 41. Ne4+ Kxd5 42. Nf6+ Kc5
43. Ne4+ Kd5 44. Nc3+ Kc5 45. Kg4 Rg7+ 46. Kf3 Re7 47. g4 a5 48. h4 Re1 49.
g5 Rh1 50. Kg4 Rc1 51. Ne2 Rc2 52. Rf5+ Kb4 53. Rf4+ Rc4 54. Rxc4+ Kxc4 55.
h5 a4 56. Nc1 a3 57. g6 hxg6 58. hxg6 Kc3 59. g7 Kb2 60. g8=Q Kxc1 61. Qc8+
Kb2 62. Qb7+ Ka2 63. f4 Ka1 64. Qg7+ Kb1 65. Qc3 a2 66. Qd4 a1=Q 67. Qxa1+
Kxa1 68. f5 Kb2 69. f6 Kc3 70. f7 Kc4 71. f8=Q Kd5 72. Kf5 Kd4 73. Qd6+ Kc4
74. Ke4 Kb5 75. Kd4 Ka4 76. Kc4 Ka5 77. Qb4+ Ka6 78. Kc5 Ka7 79. Kc6 Ka8 80.
Kc7 Ka7 81. Qb7# {Black checkmated} 1-0

[Event "ICC tourney 2020 (75 10)"]
[Site "Internet Chess Club"]
[Date "2020.09.26"]
[Round "3"]
[White "DaveGriffin"]
[Black "miyzhang"]
[Result "0-1"]
[ICCResult "White resigns"]
[WhiteElo "1263"]
[BlackElo "1290"]
[Opening "Evans gambit: normal variation"]
[ECO "C51"]
[NIC "IG.05"]
[Time "20:01:54"]
[TimeControl "4500+10"]

1. e4 e5 2. Nf3 Nc6 3. Bc4 Bc5 4. b4 Bxb4 5. c3 Bc5 6. d4 exd4 7. cxd4 Bb6
8. O-O d6 9. Qb3 Qe7 10. Bg5 Qd7 11. Bb5 h6 12. Be3 a6 13. Qa4 Ba7 14. Bd3
Nge7 15. Nbd2 O-O 16. Qd1 Kh8 17. a3 f5 18. Bxh6 gxh6 19. Nh4 fxe4 20. Nxe4
Qg4 21. Nf3 Nxd4 22. Nxd4 Bxd4 23. Ra2 Qxd1 24. Rxd1 Be6 25. Rc2 Bb3 26.
Rdd2 Bxc2 27. Rxc2 Nc6 28. Kf1 d5 29. Ng3 Rf7 30. f3 Bb6 31. Bf5 Nd4 32. Bg6
Rf6 33. Bd3 Nxc2 34. Bxc2 d4 35. Bd3 c5 36. Ne4 Re6 37. Ng3 Re3 38. Be4 d3
39. Kf2 c4 40. Kf1 d2 {White resigns} 0-1

[Event "ICC tourney 2020 (75 10)"]
[Site "Internet Chess Club"]
[Date "2020.09.26"]
[Round "3"]
[White "ruhanv"]
[Black "soreairplane"]
[Result "1/2-1/2"]
[ICCResult "Game drawn by mutual agreement"]
[WhiteElo "964"]
[BlackElo "1162"]
[Opening "Queen's pawn game, Chigorin variation"]
[ECO "D02"]
[NIC "QP.08"]
[Time "20:01:54"]
[TimeControl "4500+10"]

1. d4 d5 2. Nf3 Nc6 3. Bf4 Nf6 4. e3 e6 5. Bd3 Bd6 6. Bg3 O-O 7. c3 Bd7 8.
Nbd2 Re8 9. O-O e5 10. dxe5 Nxe5 11. Nxe5 Bxe5 12. Nf3 Bxg3 13. hxg3 Ne4 14.
Qb3 Bc6 15. Rad1 Nc5 16. Qc2 Nxd3 17. Qxd3 a6 18. Rfe1 Qf6 19. Nh2 Rad8 20.
Qd4 Qxd4 21. exd4 Kf8 22. b3 b5 23. b4 Ra8 24. Nf3 f6 25. Rxe8+ Kxe8 26. Rc1
a5 27. Ne1 a4 28. a3 Kd7 29. Nd3 Re8 30. Re1 Rxe1+ 31. Nxe1 Kd6 32. Nd3 Bb7
33. f3 c6 34. Kf2 Bc8 35. Ke3 g5 36. Nf2 h5 37. g4 hxg4 38. fxg4 Be6 39. Kf3
Bc8 40. g3 Be6 41. Nd3 Bd7 42. Nc5 Bc8 43. Nd3 {Game drawn by mutual
agreement} 1/2-1/2

[Event "ICC tourney 2020 (75 10)"]
[Site "Internet Chess Club"]
[Date "2020.09.26"]
[Round "3"]
[White "traycon"]
[Black "oxdidi"]
[Result "0-1"]
[ICCResult "White resigns"]
[WhiteElo "894"]
[BlackElo "1160"]
[Opening "English opening"]
[ECO "A16"]
[NIC "EO.64"]
[Time "20:02:46"]
[TimeControl "4500+10"]

1. c4 Nf6 2. Nc3 g6 3. g3 Bg7 4. Bg2 d6 5. d3 O-O 6. Rb1 Nbd7 7. Nf3 b6 8.
O-O Bb7 9. Qc2 c5 10. b3 e5 11. Bb2 Qe7 12. Ne4 Nxe4 13. dxe4 Nf6 14. Nd2
Bh6 15. e3 Rfe8 16. h3 Rad8 17. a3 a5 18. Bc3 Bc8 19. b4 Be6 20. bxa5 bxa5
21. Rb5 Qd7 22. Rxa5 Bxh3 23. Nf3 Bxg2 24. Kxg2 Qg4 25. Nh2 Qxe4+ 26. Qxe4
Nxe4 27. Ba1 Nd2 28. Rd1 Nxc4 29. Ra6 Ra8 30. Rxa8 Rxa8 31. Ng4 Bg7 32. e4
Rxa3 33. Ne3 Nxe3+ 34. fxe3 Rxe3 35. Rxd6 Rxe4 36. Rd8+ Bf8 37. Kf3 Re1 38.
Bc3 Rb1 39. Bxe5 Rb3+ 40. Kg2 Rb6 41. Kf3 f6 42. Bc7 Rb7 43. Bd6 Rf7 44.
Bxc5 Kg7 45. Bd4 Be7 46. Rd5 Ba3 47. g4 Bc1 48. Kg3 h6 49. Rb5 Rd7 50. Bf2
g5 51. Bc5 Rd3+ 52. Kg2 Bf4 53. Bf2 Rd2 54. Rb7+ Kg6 55. Re7 Bd6 56. Re8 Bc5
57. Rg8+ Kf7 58. Rb8 Bxf2 59. Rb7+ Kg6 60. Kf3 Bd4 61. Rb8 Be5 62. Rg8+ Kf7
63. Ra8 Rd3+ 64. Kg2 Rg3+ 65. Kf2 Rxg4 66. Ra7+ Kg6 67. Ra8 Rf4+ 68. Kg2 Rh4
69. Rg8+ Kh5 70. Re8 Rh2+ 71. Kg1 Re2 72. Kf1 Re4 73. Rc8 Rf4+ 74. Ke2 Re4+
75. Kd3 Rd4+ 76. Ke3 Rb4 77. Kd3 Rb8 78. Rc2 Rd8+ 79. Ke4 Rd4+ 80. Ke3 Rf4
81. Rh2+ Rh4 82. Rc2 Rh3+ 83. Ke4 Rh4+ 84. Kd5 Rd4+ 85. Ke6 Kg6 86. Rc8 Rd6+
87. Ke7 Kg7 88. Rc5 h5 89. Ke8 h4 90. Rc7+ Kg8 91. Rc1 h3 92. Re1 h2 93. Ke7
Rd2 94. Ke6 Rg2 95. Rh1 Rg1 96. Rxh2 Bxh2 97. Kxf6 g4 98. Kf5 g3 99. Kf4 Ra1
100. Kf3 Ra2 101. Kg4 g2 {White resigns} 0-1

[Event "ICC tourney 2020 (75 10)"]
[Site "Internet Chess Club"]
[Date "2020.09.27"]
[Round "4"]
[White "DrKnight01"]
[Black "Nedas15"]
[Result "1-0"]
[ICCResult "Black checkmated"]
[WhiteElo "1179"]
[BlackElo "301"]
[Opening "Four knights: Italian variation"]
[ECO "C55"]
[NIC "IG.01"]
[Time "13:02:50"]
[TimeControl "4500+10"]

1. e4 e5 2. Nf3 Nc6 3. Bc4 Nf6 4. Nc3 Nxe4 5. Bxf7+ Kxf7 6. Nxe4 d5 7. Neg5+
Kg8 8. d3 Bg4 9. Qd2 e4 10. dxe4 dxe4 11. Qf4 exf3 12. Qf7# {Black
checkmated} 1-0

[Event "ICC tourney 2020 (75 10)"]
[Site "Internet Chess Club"]
[Date "2020.09.27"]
[Round "4"]
[White "GGchess12"]
[Black "alexbelaya"]
[Result "1-0"]
[ICCResult "Black checkmated"]
[WhiteElo "267"]
[BlackElo "1113"]
[Opening "two knights defense: Fritz variation"]
[ECO "C57"]
[NIC "KP.01"]
[Time "13:02:49"]
[TimeControl "4500+10"]

1. e4 e5 2. Nf3 Nc6 3. Bc4 Nf6 4. Ng5 d5 5. exd5 Nd4 6. d6 Nd5 7. Nxf7 Kxf7
8. Bxd5+ Be6 9. Bxe6+ Kxe6 10. dxc7 Qxc7 11. O-O Nxc2 12. Qg4+ Ke7 13. Qg5+
Ke8 14. Na3 Nxa1 15. Re1 Bd6 16. Nb5 Qc6 17. Nxd6+ Qxd6 18. Qxg7 Rf8 19.
Rxe5+ Kd8 20. Qg5+ Qf6 21. Rd5+ Ke7 22. Qe3+ Kf7 23. Rd7+ Kg8 24. Qg3+ Kh8
25. d4 Rac8 26. Bf4 Qxf4 27. Qg7# {Black checkmated} 1-0

[Event "ICC tourney 2020 (75 10)"]
[Site "Internet Chess Club"]
[Date "2020.09.27"]
[Round "4"]
[White "NeuralNetworkQS"]
[Black "Rhinoguy"]
[Result "0-1"]
[ICCResult "White checkmated"]
[WhiteElo "882"]
[BlackElo "1181"]
[Opening "Two knights defense"]
[ECO "C59"]
[NIC "KP.01"]
[Time "13:01:59"]
[TimeControl "4500+10"]

1. e4 e5 2. Nf3 Nc6 3. Bc4 Nf6 4. Ng5 d5 5. exd5 Na5 6. Bb5+ c6 7. dxc6 bxc6
8. Be2 h6 9. Nf3 e4 10. Ng1 Bc5 11. a3 Qd4 12. Nh3 Bxh3 13. O-O Be6 14. c3
Qd7 15. b4 Nb3 16. bxc5 Nxa1 17. c4 Rb8 18. d3 exd3 19. Bxd3 Nb3 20. Bf4 Rb7
21. Qf3 Nxc5 22. Bc2 O-O 23. Rd1 Qc8 24. Bd6 Bg4 25. Qd3 Nxd3 26. Rxd3 Bf5
27. Rg3 Bxc2 28. Nd2 Qe6 29. Re3 Qxd6 30. Nf1 Ng4 31. Re1 Rb1 32. Rxb1 Bxb1
33. a4 Re8 34. h3 Re1 35. hxg4 Bd3 36. Kh1 Rxf1# {White checkmated} 0-1

[Event "ICC tourney 2020 (75 10)"]
[Site "Internet Chess Club"]
[Date "2020.09.27"]
[Round "4"]
[White "araddhya"]
[Black "cappyal"]
[Result "1-0"]
[ICCResult "Black resigns"]
[WhiteElo "1008"]
[BlackElo "454"]
[Opening "Two knights defense"]
[ECO "C57"]
[NIC "KP.01"]
[Time "13:02:13"]
[TimeControl "4500+10"]

1. e4 e5 2. Nf3 Nc6 3. Bc4 Nf6 4. Ng5 d5 5. exd5 Nxd5 6. d3 Bf5 7. Nc3 h6 8.
Nxf7 Kxf7 9. Bxd5+ Be6 10. Qf3+ Ke7 11. Bxe6 Kxe6 12. Qg4+ Kf7 13. a3 Nd4
14. Qd1 Bc5 15. Be3 Re8 16. Ne4 Qd5 17. O-O b6 18. c4 Qc6 19. Nxc5 bxc5 20.
Bxd4 cxd4 21. Qh5+ Kg8 22. Rae1 Qe6 23. f4 Qb6 24. Rxe5 Rxe5 25. Qxe5 Qxb2
26. Qd5+ {Black resigns} 1-0

[Event "ICC tourney 2020 (75 10)"]
[Site "Internet Chess Club"]
[Date "2020.09.27"]
[Round "4"]
[White "Maximusiv"]
[Black "RockyWang"]
[Result "0-1"]
[ICCResult "White resigns"]
[WhiteElo "1034"]
[BlackElo "509"]
[Opening "Evans gambit declined, 5.a4"]
[ECO "C51"]
[NIC "IG.05"]
[Time "13:02:00"]
[TimeControl "4500+10"]

1. e4 e5 2. Nf3 Nc6 3. Bc4 Bc5 4. b4 Bb6 5. a4 Nxb4 6. a5 Bc5 7. c3 Nc6 8.
d4 exd4 9. O-O dxc3 10. Qd5 Qe7 11. Nxc3 Nf6 12. Qg5 h6 13. Qxg7 Rh7 14. Qg3
d6 15. Re1 Ng4 16. Be3 Bxe3 17. fxe3 Nce5 18. Nd5 Qf8 19. Nxc7+ Kd8 20. Nxa8
Nxc4 21. Qh4+ Qe7 22. Qg3 Qf8 23. Rad1 Ngxe3 24. Rxe3 Nxe3 25. Rxd6+ Bd7 26.
Nc7 Rg7 27. Qh3 Qxd6 28. Nd5 Bxh3 {White resigns} 0-1

[Event "ICC tourney 2020 (75 10)"]
[Site "Internet Chess Club"]
[Date "2020.09.27"]
[Round "4"]
[White "oxdidi"]
[Black "EricCheng-131"]
[Result "1-0"]
[ICCResult "Black resigns"]
[WhiteElo "1185"]
[BlackElo "903"]
[Opening "Giuoco Piano"]
[ECO "C54"]
[NIC "IG.02"]
[Time "13:02:55"]
[TimeControl "4500+10"]

1. e4 e5 2. Nf3 Nc6 3. Bc4 Bc5 4. c3 Nf6 5. d3 O-O 6. Nbd2 d5 7. exd5 Nxd5
8. h3 Bf5 9. Nf1 Re8 10. Ng3 Bg6 11. O-O Qd6 12. Nh4 Nf4 13. Bxf4 exf4 14.
Ngf5 Bxf5 15. Nxf5 Qg6 16. Nh4 Qg5 17. Nf3 Qg3 18. Qb3 Na5 19. Bxf7+ Kh8 20.
Qc2 Rf8 21. Bh5 g6 22. Bg4 h5 23. Kh1 Bxf2 24. Rxf2 hxg4 25. hxg4 Qxg4 26.
c4 Rf7 27. Qc3+ Kg8 28. Qxa5 Rh7+ 29. Kg1 Rf8 30. Qd5+ Kh8 31. Qe5+ Kg8 32.
Qg5 Qe6 33. Qd5 Qxd5 34. cxd5 Rd8 35. Ne5 Rxd5 36. Nxg6 Rxd3 37. Nxf4 Rg3
38. Ne6 Rf7 39. Rxf7 Kxf7 40. Nxc7 Rg5 41. Rf1+ Ke7 42. a4 Kd7 43. Nb5 a6
44. Nd4 Ra5 45. Rf7+ Kc8 46. b3 b5 47. Rf8+ Kd7 48. axb5 axb5 49. Rf5 Ra1+
50. Kh2 b4 51. Rf6 Ra3 52. Rb6 Ra8 53. Rxb4 Rh8+ 54. Kg3 Rg8+ 55. Kf4 Rxg2
56. Rb7+ Kc8 57. Rh7 Rd2 58. Nc6 Rd6 59. Na7+ Kb8 60. Ke5 Rb6 61. b4 Ra6 62.
Nb5 Rb6 63. Nd4 Kc8 64. b5 Kb8 65. Nc6+ Kc8 66. Kd4 Rb7 67. Rxb7 Kxb7 68.
Kc5 Kc7 69. Na5 Kb8 70. Kb6 Ka8 71. Kc7 Ka7 72. b6+ Ka6 73. b7 {Black
resigns} 1-0

[Event "ICC tourney 2020 (75 10)"]
[Site "Internet Chess Club"]
[Date "2020.09.27"]
[Round "4"]
[White "buptwy"]
[Black "boxingguy2469x"]
[Result "1-0"]
[ICCResult "Black checkmated"]
[WhiteElo "720"]
[BlackElo "1207"]
[Opening "Ruy Lopez: closed, Averbach variation"]
[ECO "C79"]
[NIC "RL.16"]
[Time "13:02:08"]
[TimeControl "4500+10"]

1. e4 e5 2. Nf3 Nc6 3. Bb5 a6 4. Ba4 d6 5. O-O Nf6 6. Re1 Be7 7. c3 Bd7 8.
h3 O-O 9. d4 b5 10. Bc2 exd4 11. cxd4 Nb4 12. Bb3 c5 13. dxc5 dxc5 14. e5
Ne8 15. a3 Nc6 16. Bc2 f6 17. e6 Bc8 18. Qe2 Qc7 19. Qd3 g6 20. Bh6 Ng7 21.
Bxg7 Kxg7 22. h4 c4 23. Qe4 f5 24. Qe3 Bf6 25. Nc3 Re8 26. Nd5 Qd6 27. Nxf6
Kxf6 28. Qc3+ Ke7 29. Qg7+ Kd8 30. Rad1 Qxd1 31. Rxd1+ Bd7 32. Qxd7#
{Black checkmated}
1-0

[Event "ICC tourney 2020 (75 10)"]
[Site "Internet Chess Club"]
[Date "2020.09.27"]
[Round "4"]
[White "JCJ2018"]
[Black "falcon2020"]
[Result "0-1"]
[ICCResult "White checkmated"]
[WhiteElo "986"]
[BlackElo "1207"]
[Opening "Petrov: Cozio (Lasker) attack"]
[ECO "C42"]
[NIC "RG.03"]
[Time "13:02:07"]
[TimeControl "4500+10"]

1. e4 e5 2. Nf3 Nf6 3. Nxe5 d6 4. Nf3 Nxe4 5. Qe2 Qe7 6. d3 Nf6 7. Qxe7+
Bxe7 8. Nc3 a6 9. Be3 Nc6 10. g3 Bf5 11. Bg2 O-O-O 12. Nh4 Bg6 13. O-O d5
14. Nxg6 hxg6 15. d4 Rh7 16. h4 Na5 17. Bg5 Nc4 18. b3 Nb6 19. a4 a5 20. Bf4
Nh5 21. Bd2 Nf6 22. Nb5 c6 23. Bxa5 cxb5 24. Bxb6 Rd7 25. Bh3 bxa4 26. Rxa4
Kb8 27. Bxd7 Nxd7 28. Ba5 b5 29. Rb4 Bxb4 30. Bxb4 Nf6 31. Be7 Ne4 32. Re1
Rh8 33. Kg2 Rc8 34. Rc1 Nd2 35. Bb4 Nxb3 36. Rb1 Nxd4 37. c3 Ne2 38. Kf1
Nxc3 39. Bxc3 Rxc3 40. Rxb5+ Kc7 41. Rxd5 Rc1+ 42. Kg2 Ra1 43. h5 gxh5 44.
Rxh5 Ra8 45. f4 Kd7 46. Re5 g6 47. Kf3 f6 48. Re3 Re8 49. Rxe8 Kxe8 50. g4
Ke7 51. Ke4 Ke6 52. f5+ gxf5+ 53. gxf5+ Kd6 54. Kd4 Kc6 55. Kc4 Kd6 56. Kd4
Kc6 57. Ke4 Kc5 58. Kf4 Kd5 59. Kg4 Ke5 60. Kf3 Kxf5 61. Ke3 Kg4 62. Kf2 Kf4
63. Kf1 Kf3 64. Kg1 f5 65. Kf1 f4 66. Kg1 Ke2 67. Kg2 f3+ 68. Kh2 f2 69. Kg3
f1=Q 70. Kh2 Ke3 71. Kg3 Qg1+ 72. Kh4 Kf4 73. Kh5 Qg5# {White checkmated}
0-1

[Event "ICC tourney 2020 (75 10)"]
[Site "Internet Chess Club"]
[Date "2020.09.27"]
[Round "4"]
[White "lucachesschess"]
[Black "AJRChess2011"]
[Result "1/2-1/2"]
[ICCResult "Game drawn by mutual agreement"]
[WhiteElo "1246"]
[BlackElo "1284"]
[Opening "King's Indian: 6.Be2"]
[ECO "E91"]
[NIC "KI.19"]
[Time "13:02:02"]
[TimeControl "4500+10"]

1. d4 Nf6 2. c4 g6 3. Nc3 Bg7 4. e4 d6 5. Nf3 O-O 6. Be2 Nbd7 7. O-O c5 8.
h3 cxd4 9. Nxd4 Nc5 10. Bf3 Qb6 11. Nc2 Be6 12. Ne3 Nfd7 13. Ned5 Qd8 14.
Qd2 Ne5 15. Be2 Nc6 16. f3 Bd4+ 17. Kh1 Bg7 18. Rb1 a6 19. b4 Nd7 20. a3
Nde5 21. f4 Nd7 22. Ne3 f5 23. exf5 Bxf5 24. Nxf5 Rxf5 25. Bb2 Nb6 26. Nd5
Bxb2 27. Rxb2 Nxd5 28. cxd5 Nb8 29. Bg4 Rf6 30. Be6+ Kf8 31. Qe1 Kg7 32. g4
h6 33. Rbf2 Nd7 34. g5 hxg5 35. fxg5 Rxf2 36. Rxf2 Ne5 37. Qc3 Qb6 38. Rf7+
Kh8 39. Rxe7 Qf2 40. Rf7 Qh4 41. Rxb7 Qe4+ 42. Kg1 Rf8
{Game drawn by mutual agreement}
1/2-1/2

[Event "ICC tourney 2020 (75 10)"]
[Site "Internet Chess Club"]
[Date "2020.09.27"]
[Round "4"]
[White "soreairplane"]
[Black "DaveGriffin"]
[Result "1/2-1/2"]
[ICCResult "Game drawn by mutual agreement"]
[WhiteElo "1135"]
[BlackElo "849"]
[Opening "French defense"]
[ECO "C00"]
[NIC "FR.01"]
[Time "13:02:10"]
[TimeControl "4500+10"]

1. e4 e6 2. Nc3 d5 3. exd5 exd5 4. d4 c6 5. Nf3 Bb4 6. Bd2 Ne7 7. Bd3 Bf5 8.
Qe2 Bxd3 9. Qxd3 Nd7 10. a3 Bd6 11. O-O Qc7 12. Ne2 O-O-O 13. Ng3 f6 14. Bb4
g5 15. Bxd6 Qxd6 16. b4 Ng6 17. Nf5 Qc7 18. a4 Nf4 19. Qd2 Nb6 20. Ne3 h5
21. g3 Ng6 22. a5 Nc4 23. Qd3 Nxe3 24. fxe3 Ne7 25. Kf2 h4 26. Rg1 hxg3+ 27.
hxg3 a6 28. c3 Rh5 29. Rh1 Rdh8 30. Rxh5 Rxh5 31. Rg1 Qd7 32. g4 Rh3 33. Rg3
Rh1 34. Kg2 Qd6 35. Rh3 Rxh3 36. Kxh3 Qe6 37. Kg3 Qd6+ 38. Kh3 Kb8 39. Kg2
Qe6 40. Kg3 Nc8 41. Nd2 Nd6 42. Kf3 f5 43. gxf5 Nxf5 44. Kg4 Nxe3+ 45. Kxg5
Qg4+ 46. Kf6 Qf4+ 47. Kg6 Ng4 48. Qf3 Qxd2 49. Qf8+ Ka7 50. Qc5+ Kb8 51.
Qf8+ Kc7 52. Qe7+ Kc8 53. Qe8+ Kc7 54. Qe7+ Kb8 55. Qf8+ Ka7 56. Qc5+ Kb8
{Game drawn by mutual agreement}
1/2-1/2

[Event "ICC tourney 2020 (75 10)"]
[Site "Internet Chess Club"]
[Date "2020.09.27"]
[Round "4"]
[White "ruhanv"]
[Black "EvSun"]
[Result "1-0"]
[ICCResult "Black checkmated"]
[WhiteElo "944"]
[BlackElo "894"]
[Opening "King's Indian: London system"]
[ECO "A48"]
[NIC "QP.03"]
[Time "13:02:03"]
[TimeControl "4500+10"]

1. d4 Nf6 2. Nf3 g6 3. Bf4 Bg7 4. e3 O-O 5. Bd3 Nc6 6. O-O d6 7. c3 Re8 8.
Qc2 e5 9. Bg5 Qd7 10. Bxf6 Bxf6 11. Nbd2 d5 12. dxe5 Nxe5 13. Nxe5 Bxe5 14.
Nf3 Bg7 15. Rad1 c5 16. Rfe1 b6 17. a4 a6 18. Be2 Qc6 19. Nh4 Bf6 20. Bf3
Be6 21. c4 Qc7 22. cxd5 Bxd5 23. Bxd5 Rad8 24. Nf3 b5 25. axb5 axb5 26. e4
Kf8 27. g4 Bg7 28. Ng5 h6 29. Nxf7 Rd7 30. Re3 Rxf7 31. Bxf7 Kxf7 32. Qb3+
Kf8 33. Rf3+ Ke7 34. Qf7# {Black checkmated} 1-0

[Event "ICC tourney 2020 (75 10)"]
[Site "Internet Chess Club"]
[Date "2020.09.27"]
[Round "5"]
[White "cappyal"]
[Black "traycon"]
[Result "1-0"]
[ICCResult "Black checkmated"]
[WhiteElo "484"]
[BlackElo "876"]
[Opening "French: exchange variation"]
[ECO "C01"]
[NIC "FR.01"]
[Time "16:31:41"]
[TimeControl "4500+10"]

1. e4 e6 2. d4 d5 3. exd5 exd5 4. Nf3 c6 5. Nc3 Bd6 6. Bd3 Ne7 7. O-O O-O 8.
h3 Be6 9. Ne5 Nd7 10. Qh5 Nxe5 11. Qxh7# {Black checkmated} 1-0

[Event "ICC tourney 2020 (75 10)"]
[Site "Internet Chess Club"]
[Date "2020.09.27"]
[Round "5"]
[White "Rhinoguy"]
[Black "lucachesschess"]
[Result "0-1"]
[ICCResult "White checkmated"]
[WhiteElo "1164"]
[BlackElo "1257"]
[Opening "Scotch game"]
[ECO "C45"]
[NIC "SO.05"]
[Time "16:31:42"]
[TimeControl "4500+10"]

1. e4 e5 2. Nf3 Nc6 3. d4 exd4 4. Nxd4 Bc5 5. Be3 Qf6 6. c3 Nge7 7. Bc4 O-O
8. O-O d6 9. Nxc6 Nxc6 10. Bxc5 dxc5 11. Nd2 Ne5 12. Bb3 Rd8 13. Qe2 Be6 14.
Bxe6 Qxe6 15. Rad1 Qxa2 16. Qb5 b6 17. f4 Nd3 18. Nc4 a6 19. Qc6 Qxc4 20.
Qxc7 Qxe4 21. Rf3 h6 22. Qxb6 Kh7 23. Rff1 Qe3+ 24. Kh1 Nf2+ 25. Kg1 Nh3+
26. Kh1 Qg1+ 27. Rxg1 Nf2# {White checkmated} 0-1